 Dungeon Crawl Stone Soup version 0.26-a0-388-gf3277c4969 (webtiles) character file.

Game seed: 12605104975904510151

187951 Gargoyl the Schismatic (level 18, -1/142 HPs)
             Began as a Gnoll Abyssal Knight on July 21, 2020.
             Was an Elder of Lugonu.
             Slain by a naga warrior
             ... wielding a +0 hand axe
              (3 damage)
             ... on level 3 of the Snake Pit.
             The game lasted 00:50:34 (42289 turns).

Gargoyl the Schismatic (Gnoll Abyssal Knight)      Turns: 42289, Time: 00:50:36

Health: -1/142     AC: 29    Str: 27    XL:     18   Next: 53%
Magic:  42/42      EV: 14    Int: 19    God:    Lugonu [****..]
Gold:   1636       SH: 20    Dex: 21    Spells: 39/39 levels left

rFire    + . .     SeeInvis .   O - +7 hand axe (venom)
rCold    . . .     Faith    .   u - +1 kite shield
rNeg     + . .     Spirit   .   D - +3 chain mail {rF+}
rPois    .         Reflect  +   J - +2 hat
rElec    .         Harm     .   q - +2 cloak
rCorr    .                      o - +2 pair of gloves {Dex+3}
MR       +....                  T - +1 pair of boots
Stlth    ++........             K - amulet of reflection
HPRegen  0.33/turn              b - +6 ring of strength
MPRegen  0.28/turn              H - ring of Tiemopaf {rN+ MP+9 Int+4 Dex+2}

@: slowed, constricted, very slow
A: distributed training, fangs 1, iridescent scales 1, mutation resistance 1,
screaming 2, strong nose
a: Depart the Abyss, Bend Space, Banish, Corrupt, Renounce Religion


You were on level 3 of the Snake Pit.
You worshipped Lugonu.
Lugonu was greatly pleased with you.
You visited 3 branches of the dungeon, and saw 24 of its levels.
You visited the Abyss 4 times.
You also visited: Ossuary.

You collected 2236 gold pieces.
You spent 600 gold pieces at shops.

Inventory:

Hand Weapons
 a - a +8 hand axe
 O - a +7 hand axe of venom (weapon)
 U - a +1 broad axe of flaming
Missiles
 p - 12 javelins (quivered)
Armour
 o - a +2 pair of gloves of dexterity (worn)
 q - a +2 cloak (worn)
 u - a +1 kite shield (worn)
 D - a +3 chain mail of fire resistance (worn)
 J - a +2 hat (worn)
 T - a +1 pair of boots (worn)
Jewellery
 b - a +6 ring of strength (left hand)
 C - an uncursed ring of positive energy
 H - the ring of Tiemopaf (right hand) {rN+ MP+9 Int+4 Dex+2}
   (You acquired it on level 10 of the Dungeon)

   [ring of magical power]

   It affects your intelligence (+4).
   It affects your dexterity (+2).
   It protects you from negative energy.
   It affects your magic capacity (+9).
 K - an amulet of reflection (around neck)
 L - a +4 ring of slaying
 M - an uncursed ring of flight
 P - a cursed ring of teleportation {unknown}
 Q - an uncursed ring of positive energy
 R - an uncursed ring of resist corrosion {unknown}
 W - an uncursed ring of magical power {unknown}
 X - a cursed ring of attention {unknown}
 Y - an uncursed ring of see invisible
Wands
 d - a wand of flame (43)
 l - a wand of paralysis (20)
 m - a wand of disintegration (16)
 t - a wand of enslavement (15)
 x - a wand of clouds (6)
 A - a wand of acid (33)
 G - a wand of polymorph (17)
 N - a wand of iceblast (7)
 S - a wand of random effects (9)
Scrolls
 n - a scroll of identify
 v - 9 scrolls of blinking
 w - 9 scrolls of remove curse
 y - 5 scrolls of magic mapping
 B - a scroll of brand weapon {unknown}
 F - 10 scrolls of teleportation
 I - 3 scrolls of fog
Potions
 c - 5 potions of lignification
 e - 6 potions of curing
 f - 6 potions of stabbing
 h - a potion of flight
 i - 4 potions of cancellation
 j - 7 potions of might
 k - 5 potions of magic
 r - 3 potions of berserk rage
 s - 8 potions of brilliance
 z - 2 potions of resistance
 E - 7 potions of ambrosia
 V - a potion of haste


   Skills:
 + Level 12.8 Fighting
 + Level 11.3 Short Blades
 + Level 11.3 Long Blades
 + Level 12.1 Axes
 + Level 11.3 Maces & Flails
 + Level 11.3 Polearms
 + Level 11.3 Staves
 + Level 11.3 Slings
 + Level 11.3 Bows
 + Level 11.3 Crossbows
 + Level 11.3 Throwing
 + Level 12.1 Armour
 + Level 11.6 Dodging
 + Level 11.3 Stealth
 + Level 11.3 Shields
 + Level 11.3 Unarmed Combat
 + Level 11.3 Spellcasting
 + Level 9.7 Conjurations
 + Level 9.7 Hexes
   Level 0.0 Charms
 + Level 9.7 Summonings
 + Level 9.7 Necromancy
 + Level 9.7 Translocations
 + Level 9.7 Transmutations
 + Level 9.7 Fire Magic
 + Level 9.7 Ice Magic
 + Level 9.7 Air Magic
 + Level 9.7 Earth Magic
 + Level 9.7 Poison Magic
 + Level 12.9 Invocations
 + Level 11.3 Evocations


You had 39 spell levels left.
You didn't know any spells.
Your spell library contained the following spells:

 Spells                   Type           Power        Failure   Level
 Animate Skeleton         Necr           #####.       1%          1
 Apportation              Tloc           #####.       1%          1
 Corona                   Hex            #####..      1%          1
 Foxfire                  Conj/Fire      ####         1%          1
 Freeze                   Ice            ####         1%          1
 Pain                     Necr           ####         1%          1
 Shock                    Conj/Air       ####         1%          1
 Summon Small Mammal      Summ           ####         1%          1
 Ensorcelled Hibernation  Hex/Ice        #####.       1%          2
 Swiftness                Air            #####...     1%          2
 Confusing Touch          Hex            #####...     2%          3
 Conjure Flame            Conj/Fire      #####...     2%          3
 Dazzling Flash           Conj/Hex       #####.       2%          3
 Frozen Ramparts          Ice            #####.       2%          3
 Inner Flame              Hex/Fire       #####...     2%          3
 Ozocubu's Armour         Ice            #####...     2%          3
 Tukima's Dance           Hex            #####...     2%          3
 Vampiric Draining        Necr           #####.....   2%          3
 Animate Dead             Necr           #####.....   8%          4
 Hailstorm                Conj/Ice       #####...     8%          4
 Sticky Flame             Conj/Fire      #####...     8%          4
 Summon Ice Beast         Ice/Summ       #####...     8%          4
 Agony                    Necr           #####...     22%         5
 Fireball                 Conj/Fire      #####.....   22%         5
 Irradiate                Conj/Tmut      #####.....   22%         5
 Yara's Violent Unravell  Hex/Tmut       #####.....   22%         5
 Hydra Form               Tmut           #####.....   77%         6
 Simulacrum               Ice/Necr       #####.....   77%         6
 Statue Form              Tmut/Erth      #####....    77%         6
 Dragon Form              Tmut           #####.....   100%        7
 Discord                  Hex            #####.....   100%        8


Dungeon Overview and Level Annotations

Branches:
Dungeon (15/15)            Temple (0/1) D:6            Lair (6/6) D:10
 Shoals (0/4) Lair:4        Snake (3/4) Lair:3        Slime (0/5) Lair:5
    Orc (0/2) D:11         Vaults (0/5) D:14         Depths (0/5) D:15
Ossuary (visited)

Altars:
Ashenzari
Fedhas
Hepliaklqana
Kikubaaqudgha
Nemelex Xobeh
Qazlal
Ru
Trog
Vehumet
Wu Jian
Xom
Yredelemnul
The Shining One

Shops:
D:8 *   D:10 =

Annotations:
D:12 corrupted
Abyss:1 Gastronok


Innate Abilities, Weirdness & Mutations

Your experience applies equally to all skills.
You have very sharp teeth.
Your uncanny sense of smell can sniff out nearby items.
You are partially covered in iridescent scales. (AC +2)
You are somewhat resistant to further mutation.
You sometimes yell uncontrollably at your foes.


Message History

You hit the guardian serpent. You slash the naga warrior!
You barely miss the naga mage. You slash the naga!
You feel sick. The naga spits poison at you.
The splash of poison reflects off an invisible shield around you!
The splash of poison hits the naga.
The guardian serpent hits you!!
* * * LOW HITPOINT WARNING * * *
The naga mage spits poison at you.
The splash of poison reflects off an invisible shield around you!
The splash of poison hits the naga mage but does no damage.
The naga warrior hits you with a +0 hand axe.
* * * LOW HITPOINT WARNING * * *
The naga warrior constricts you.
You feel better.
You block the guardian serpent's attack.
You block the naga's attack. x2; The guardian serpent hits you!
* * * LOW HITPOINT WARNING * * *
The naga mage misses you.
The naga warrior hits you with a +0 hand axe.
* * * LOW HITPOINT WARNING * * *
You die...

######
#....#
##....# ##
##NN...##.
.#.
#.@S.......
....
#NN........
....
#..........
....
##.........
....
##........
...
#........
...
.≈≈≈≈≈≈≈≈
### ≈≈#≈#≈≈


You could see a naga warrior (catching breath), a guardian serpent, a naga mage
and 2 nagas.

Vanquished Creatures
  Rupert (Lair:3)
  Agnes (D:14)
  2 nagarajas
  2 entropy weavers (Lair:4)
  Snorg (Lair:3)
  Josephine (Lair:4)
  2 fire dragons
  14 naga warriors
  3 centaur warriors
  3 two-headed ogres
  5 anacondas
  2 tengu warriors (D:13)
  A queen ant (Lair:4)
  7 naga sharpshooters
  Sonja (Lair:5)
  2 large abominations
  3 unseen horrors
  2 wizards (D:15)
  A necromancer (D:15)
  3 mana vipers (Snake:1)
  3 deep elf magi
  A wolf spider zombie (D:12)
  A shining eye (shapeshifter) (D:14)
  A cyclops (D:13)
  9 salamanders
  4 manticores
  7 ugly things
  7 centaur zombies
  A guardian serpent (shapeshifter) (D:14)
  6 elephants (Lair:4)
  19 black mambas
  2 guardian serpents (Snake:1)
  11 naga magi
  14 cane toads
  2 torpor snails (Lair:6)
  A rime drake (Lair:6)
  A gargoyle (D:14)
  Maggie (D:8)
  A kobold demonologist (D:10)
  A redback zombie (D:12)
  14 komodo dragons
  An efreet (D:15)
  2 yaktaurs (shapeshifter)
  A harpy zombie (D:12)
  4 polar bears (Lair:6)
  A tengu conjurer (D:13)
  4 trolls
  An ancient zyme (Abyss:1)
  2 ice devils (Lair:1)
  3 meliai (Lair:5)
  7 hornets
  A queen bee (Lair:5)
  18 blink frogs
  7 dream sheep (Lair:6)
  5 hippogriffs
  A harpy skeleton (D:12)
  A snapping turtle (Lair:4)
  A meliai zombie (D:12)
  17 spriggans
  A centaur simulacrum (D:15)
  A spriggan (shapeshifter) (D:13)
  4 water elementals
  8 wyverns
  4 wraiths
  A basilisk (Lair:3)
  44 yaks
  A steam dragon (D:8)
  3 wargs (D:11)
  A chaos spawn (Abyss:2)
  20 nagas
  23 soldier ants (Lair:4)
  An acid dragon (D:11)
  8 water moccasins
  8 porcupines
  7 orc warriors
  A necrophage (D:9)
  4 sky beasts
  7 ice beasts
  A hornet zombie (D:15)
  7 black bears
  9 ogres
  4 boggarts (Lair:6)
  An eye of draining (D:15)
  5 phantoms
  37 wolves
  4 centaurs
  12 crocodiles
  2 big kobolds (D:13)
  19 bullfrogs
  2 wyvern zombies
  2 water moccasin zombies (Ossuary)
  A small abomination (Abyss:1)
  2 wyvern skeletons
  6 scorpions
  29 killer bees
  8 wights
  11 electric eels
  10 howler monkeys
  4 bullfrog zombies
  8 hounds
  6 orc priests
  4 jellies
  15 centaur skeletons
  4 bullfrog skeletons
  A gnoll shaman (D:4)
  7 orc wizards
  Terence (D:2)
  4 iguanas
  26 worker ants
  A killer bee zombie (D:8)
  A big kobold zombie (Ossuary)
  A hound zombie (D:9)
  2 hound skeletons
  2 mummies (Ossuary)
  2 howler monkey skeletons
  6 gnolls
  20 adders
  A shadow imp (Abyss:1)
  2 white imps
  6 ufetubi
  3 oozes (D:1)
  6 adder zombies
  An adder skeleton (D:9)
  5 worms
  A dart slug (D:1)
  5 leopard geckos
  59 orcs
  6 giant cockroaches
  5 goblins
  6 hobgoblins
  13 jackals
  23 kobolds
  4 quokkas
  2 ball pythons
  10 bats
  5 frilled lizards
  5 hobgoblin zombies (Ossuary)
  4 kobold zombies (Ossuary)
  A leopard gecko skeleton (D:6)
  8 orc zombies (Ossuary)
  A quokka skeleton (D:5)
  9 rats
  4 fungi
  2 plants
872 creatures vanquished.

Vanquished Creatures (others)
  A bone dragon (D:12)
  A hydra (Lair:1)
  A centaur warrior (D:10)
  A wizard (D:6)
  5 oklob plants (Lair:5)
  A naga mage (Snake:3)
  2 gargoyles
  An orc wizard (D:12)
  14 fungi
  9 plants
  10 starspawn tentacles (Abyss:1)
46 creatures vanquished.

Grand Total: 918 creatures vanquished

Notes
Turn   | Place    | Note
-------+----------+-------------------------------------------
     0 | Abyss:1  | Gargoyl the Gnoll Abyssal Knight began the quest for the
                  | Orb.
     0 | Abyss:1  | Reached XP level 1. HP: 23/23 MP: 3/3
    67 | Abyss:1  | Noticed a large abomination
    67 | Abyss:1  | Noticed a tentacled starspawn
    75 | Abyss:1  | Noticed a tentacled starspawn
    90 | D:1      | Escaped the Abyss
   144 | D:1      | Reached XP level 2. HP: 13/29 MP: 5/5
   325 | D:1      | Reached * piety under Lugonu
   842 | D:1      | Reached XP level 3. HP: 35/35 MP: 6/6
   958 | D:1      | You fall into a shaft and drop 1 floor!
  1425 | D:2      | Reached skill level 1 in Short Blades
  1425 | D:2      | Reached skill level 1 in Long Blades
  1425 | D:2      | Reached skill level 1 in Maces & Flails
  1425 | D:2      | Reached skill level 1 in Polearms
  1425 | D:2      | Reached skill level 1 in Staves
  1425 | D:2      | Reached skill level 1 in Slings
  1425 | D:2      | Reached skill level 1 in Bows
  1425 | D:2      | Reached skill level 1 in Crossbows
  1425 | D:2      | Reached skill level 1 in Throwing
  1425 | D:2      | Reached skill level 1 in Stealth
  1425 | D:2      | Reached skill level 1 in Shields
  1425 | D:2      | Reached skill level 1 in Unarmed Combat
  1425 | D:2      | Reached skill level 1 in Spellcasting
  1425 | D:2      | Reached skill level 1 in Evocations
  1430 | D:2      | Reached XP level 4. HP: 39/41 MP: 7/7
  1781 | D:2      | Noticed Terence
  1798 | D:2      | Killed Terence
  1798 | D:2      | Reached skill level 1 in Conjurations
  1798 | D:2      | Reached skill level 1 in Hexes
  1798 | D:2      | Reached skill level 1 in Summonings
  1798 | D:2      | Reached skill level 1 in Necromancy
  1798 | D:2      | Reached skill level 1 in Translocations
  1798 | D:2      | Reached skill level 1 in Transmutations
  1798 | D:2      | Reached skill level 1 in Fire Magic
  1798 | D:2      | Reached skill level 1 in Ice Magic
  1798 | D:2      | Reached skill level 1 in Air Magic
  1798 | D:2      | Reached skill level 1 in Earth Magic
  1798 | D:2      | Reached skill level 1 in Poison Magic
  1873 | D:2      | Found a radiant altar of Vehumet.
  1986 | D:2      | Found a glowing golden altar of the Shining One.
  2284 | D:3      | Reached ** piety under Lugonu
  2286 | D:3      | Reached XP level 5. HP: 42/47 MP: 8/8
  2747 | D:3      | Found a blossoming altar of Fedhas.
  3259 | D:4      | Reached *** piety under Lugonu
  3263 | D:4      | Reached skill level 5 in Invocations
  3263 | D:4      | Reached XP level 6. HP: 53/53 MP: 9/9
  3277 | D:4      | Reached skill level 5 in Axes
  3277 | D:4      | Reached skill level 5 in Armour
  3529 | D:4      | Reached XP level 7. HP: 22/59 MP: 10/10
  3954 | D:4      | Found a shimmering altar of Xom.
  4091 | D:4      | Found a shattered altar of Ashenzari.
  4121 | D:5      | Entered Level 5 of the Dungeon
  4231 | D:5      | Found a sand-covered staircase.
  4235 | Ossuary  | Entered an ossuary
  4479 | Ossuary  | Reached XP level 8. HP: 60/67 MP: 12/12
  4481 | Ossuary  | Reached **** piety under Lugonu
  5188 | D:5      | Found a sacrificial altar of Ru.
  5291 | D:6      | Found an ancient bone altar of Kikubaaqudgha.
  5771 | D:6      | Reached XP level 9. HP: 58/72 MP: 14/14
  5954 | D:6      | Found a staircase to the Ecumenical Temple.
  6107 | D:6      | Found a bloodstained altar of Trog.
  6108 | D:6      | Noticed a wizard
  6113 | D:6      | Killed a wizard
  6406 | D:7      | Reached skill level 5 in Dodging
  6597 | D:7      | Found a hazy altar of Hepliaklqana.
  6634 | D:7      | Found a sparkling altar of Nemelex Xobeh.
  6767 | D:7      | Reached ***** piety under Lugonu
  6966 | D:7      | Found a shattered altar of Ashenzari.
  7156 | D:8      | Found Erutwost's Assorted Antiques.
  7213 | D:8      | Bought a shiny chain mail for 180 gold pieces
  7245 | D:8      | Noticed Gastronok
  7252 | D:7      | Banished Gastronok
  7252 | D:7      | Reached skill level 5 in Short Blades
  7252 | D:7      | Reached skill level 5 in Long Blades
  7252 | D:7      | Reached skill level 5 in Maces & Flails
  7252 | D:7      | Reached skill level 5 in Polearms
  7252 | D:7      | Reached skill level 5 in Staves
  7252 | D:7      | Reached skill level 5 in Slings
  7252 | D:7      | Reached skill level 5 in Bows
  7252 | D:7      | Reached skill level 5 in Crossbows
  7252 | D:7      | Reached skill level 5 in Throwing
  7252 | D:7      | Reached skill level 5 in Stealth
  7252 | D:7      | Reached skill level 5 in Shields
  7252 | D:7      | Reached skill level 5 in Unarmed Combat
  7252 | D:7      | Reached skill level 5 in Spellcasting
  7252 | D:7      | Reached skill level 5 in Evocations
  7252 | D:7      | Reached XP level 10. HP: 37/82 MP: 15/17
  7593 | D:8      | Noticed Maggie
  7613 | D:8      | Killed Maggie
  7634 | D:8      | Got a jewelled leather armour
  7635 | D:8      | Identified the +1 leather armour "Ucladghy" {+Inv} (You
                  | found it on level 8 of the Dungeon)
  8145 | D:8      | Found a stormy altar of Qazlal.
  8843 | D:9      | Noticed a two-headed ogre
  8861 | D:9      | Killed a two-headed ogre
  8861 | D:9      | Reached XP level 11. HP: 38/87 MP: 19/19
  9883 | D:9      | Gained mutation: Your body sometimes deteriorates upon
                  | taking damage. [potion of mutation]
  9883 | D:9      | Gained mutation: You expend magic power (3 MP) to
                  | strengthen your wands. [potion of mutation]
  9938 | D:9      | Reached skill level 5 in Conjurations
  9938 | D:9      | Reached skill level 5 in Hexes
  9938 | D:9      | Reached skill level 5 in Summonings
  9938 | D:9      | Reached skill level 5 in Necromancy
  9938 | D:9      | Reached skill level 5 in Translocations
  9938 | D:9      | Reached skill level 5 in Transmutations
  9938 | D:9      | Reached skill level 5 in Fire Magic
  9938 | D:9      | Reached skill level 5 in Ice Magic
  9938 | D:9      | Reached skill level 5 in Air Magic
  9938 | D:9      | Reached skill level 5 in Earth Magic
  9938 | D:9      | Reached skill level 5 in Poison Magic
 10373 | D:10     | Entered Level 10 of the Dungeon
 10379 | D:10     | Identified a scroll of acquirement
 10379 | D:10     | Acquired the ring of Tiemopaf {rN+ MP+9 Int+4 Dex+2}
 10597 | D:10     | Killed an unseen horror
 10850 | D:10     | Found a staircase to the Lair.
 11199 | D:10     | Found Kuciysed's Jewellery Shop.
 11208 | D:10     | Bought an uncursed amulet of reflection for 420 gold pieces
 11621 | D:10     | Noticed an orb spider
 11621 | D:10     | Noticed a manticore
 11621 | D:10     | Noticed a manticore
 11621 | D:10     | Noticed a centaur warrior
 11638 | D:10     | an orb spider changed into a wind drake
 11639 | D:10     | Killed a centaur warrior
 12099 | D:10     | Killed a manticore
 12198 | D:10     | Killed a manticore
 12453 | D:10     | Identified Sif Muna's Papyrus of the Floating Frostbite
 12591 | Lair:1   | Entered Level 1 of the Lair of Beasts
 12643 | Lair:1   | Reached XP level 12. HP: 95/95 MP: 22/22
 12706 | Lair:1   | Paralysed by a hornet for 3 turns
 12739 | Lair:1   | Noticed a six-headed hydra
 12740 | Lair:1   | Banished a six-headed hydra
 13586 | Lair:1   | HP: 3/96 [ice devil (23)]
 15267 | Lair:3   | Found a staircase to the Snake Pit.
 15313 | Lair:3   | Reached skill level 10 in Fighting
 15583 | Lair:3   | Lost mutation: You expend magic power (3 MP) to strengthen
                  | your wands. [potion of mutation]
 15583 | Lair:3   | Lost mutation: Your body sometimes deteriorates upon taking
                  | damage. [potion of mutation]
 15583 | Lair:3   | Gained mutation: You occasionally shout uncontrollably at
                  | your foes. [potion of mutation]
 15583 | Lair:3   | Gained mutation: Armour fits poorly on your strangely
                  | shaped body. [potion of mutation]
 15583 | Lair:3   | Gained mutation: You sometimes yell uncontrollably at your
                  | foes. [potion of mutation]
 15583 | Lair:3   | Gained mutation: Your flesh is cold resistant. (rC+)
                  | [potion of mutation]
 15584 | Lair:3   | Lost mutation: Armour fits poorly on your strangely shaped
                  | body. [potion of mutation]
 15584 | Lair:3   | Lost mutation: Your flesh is cold resistant. (rC+) [potion
                  | of mutation]
 15584 | Lair:3   | Gained mutation: You are somewhat resistant to further
                  | mutation. [potion of mutation]
 15584 | Lair:3   | Gained mutation: You are partially covered in iridescent
                  | scales. (AC +2) [potion of mutation]
 15922 | Lair:4   | Noticed Rupert
 15987 | Lair:3   | Killed Rupert
 15987 | Lair:3   | Reached XP level 13. HP: 31/103 MP: 24/24
 16355 | Lair:4   | Noticed Snorg
 16404 | Lair:3   | Killed Snorg
 16917 | Lair:4   | Reached skill level 10 in Invocations
 17041 | Lair:4   | Noticed Josephine
 17053 | Lair:4   | Killed Josephine
 17264 | Lair:4   | Reached ****** piety under Lugonu
 17275 | Lair:4   | Noticed an entropy weaver
 17304 | Lair:4   | Noticed an entropy weaver
 17658 | Lair:4   | Killed an entropy weaver
 18025 | Lair:4   | Killed an entropy weaver
 18669 | Lair:4   | Found a staircase to the Shoals.
 19114 | Lair:5   | Reached XP level 14. HP: 111/111 MP: 26/26
 19423 | Lair:5   | Noticed Sonja
 19429 | Lair:5   | Killed Sonja
 19831 | Lair:5   | Found a staircase to the Slime Pits.
 19854 | Lair:5   | Reached skill level 10 in Axes
 19854 | Lair:5   | Reached skill level 10 in Armour
 20485 | Abyss:1  | Found a corrupted altar of Lugonu.
 20858 | Abyss:2  | Noticed a tentacled starspawn
 20861 | Lair:5   | Escaped the Abyss
 21819 | Lair:6   | Entered Level 6 of the Lair of Beasts
 23455 | Lair:6   | Identified the cursed +0 quarterstaff "Wewyweu" {drain,
                  | Str+4}
 23627 | Abyss:1  | Noticed a starcursed mass
 23676 | Lair:6   | Escaped the Abyss
 23700 | Lair:5   | Reached XP level 15. HP: 18/119 MP: 28/28
 24651 | Lair:6   | Reached skill level 10 in Dodging
 24651 | Lair:6   | Reached XP level 16. HP: 126/126 MP: 29/29
 24652 | Lair:6   | Reached skill level 10 in Short Blades
 24652 | Lair:6   | Reached skill level 10 in Long Blades
 24652 | Lair:6   | Reached skill level 10 in Maces & Flails
 24652 | Lair:6   | Reached skill level 10 in Polearms
 24652 | Lair:6   | Reached skill level 10 in Staves
 24652 | Lair:6   | Reached skill level 10 in Slings
 24652 | Lair:6   | Reached skill level 10 in Bows
 24652 | Lair:6   | Reached skill level 10 in Crossbows
 24652 | Lair:6   | Reached skill level 10 in Throwing
 24652 | Lair:6   | Reached skill level 10 in Stealth
 24652 | Lair:6   | Reached skill level 10 in Shields
 24652 | Lair:6   | Reached skill level 10 in Unarmed Combat
 24652 | Lair:6   | Reached skill level 10 in Spellcasting
 24652 | Lair:6   | Reached skill level 10 in Evocations
 24652 | Lair:6   | Reached XP level 17. HP: 133/133 MP: 31/31
 24961 | D:11     | Found a staircase to the Orcish Mines.
 26978 | D:12     | Noticed a bone dragon
 26979 | D:12     | Found the +9 sword of Zonguldrok {reap}
 27030 | D:12     | Corrupted D:12
 27038 | D:12     | Killed a bone dragon
 29068 | D:14     | Identified Hyrumixu's Papyrus of Beguiling and Evil
 29138 | D:14     | Found a gate to the Vaults.
 29204 | D:14     | Noticed Agnes
 29226 | D:14     | Killed Agnes
 29629 | D:14     | Found a basalt altar of Yredelemnul.
 30196 | D:15     | Entered Level 15 of the Dungeon
 30228 | D:15     | Found a shattered altar of Ashenzari.
 30813 | D:15     | Found a staircase to the Depths.
 32089 | Snake:1  | Entered Level 1 of the Snake Pit
 33037 | Snake:1  | Found an ornate altar of the Wu Jian Council.
 33300 | Snake:1  | You fall into a shaft and drop 1 floor!
 34265 | Abyss:1  | HP: 5/135 [large abomination (9)]
 34408 | Snake:2  | Escaped the Abyss
 34978 | Snake:1  | Reached XP level 18. HP: 79/141 MP: 32/32
 42289 | Snake:3  | HP: 2/142 [naga warrior/+0 hand axe (6)]
 42289 | Snake:3  | Slain by a naga warrior

Illustrated notes

Levels and vault maps discovered:
D:1:      minmay_arrival_four_houses, layout_loops_corners
D:2:      layout_basic, nicolae_tso_swordbearing_angel,
          overflow_temple_1_default, uniq_terence
D:3:      layout_rooms, overflow_temple_1_default, roderic_batcave
D:4:      layout_rooms, lemuel_coloured_pillars_altar, kennysheep_mini_moat
D:5:      layout_basic, nicolae_ru_the_path_less_chosen, enter_ossuary_5
D:6:      layout_gridville, kiku_gazebo_pond_becter,
          minmay_temple_entry_sparse_star, trog_wizard
D:7:      layout_loops_ring, lemuel_crystal_altar,
          nemelex_xobeh_ov_fountains_minmay, cheibrodos_ashenzari_chains
D:8:      layout_rooms, grunt_qazlal_clouds, serial_shops,
          nicolae_shop_overgrown_old_shop, minmay_misc_feat_encased,
          uniq_maggie, uniq_gastronok
D:9:      layout_cave_pods
D:10:     minmay_the_grid_triangle_9x9_rhombus_full
          [minmay_the_grid_triangle_9x9_skeleton,
          minmay_the_grid_triangle_9x9_longest,
          minmay_the_grid_triangle_9x9_dagger,
          minmay_the_grid_triangle_9x9_corrupted_corridor,
          minmay_the_grid_triangle_9x9_pentomino_pain,
          minmay_the_grid_triangle_9x9_negative_grid,
          minmay_the_grid_triangle_9x9_flanged_cone,
          minmay_the_grid_triangle_9x9_prize_top_heavy], layout_rooms,
          david_lair_shrubbed, serial_shops, shop, kennysheep_pointless_box
D:11:     layout_gridville, minmay_orc_entry_guard_dogs, grunt_decor_arrowhead
D:12:     layout_basic, minmay_guarded_unrand_zonguldrok
D:13:     layout_irregular_city
D:14:     dragon1_lemuel, layout_cave_pools, david_vaults_2, basic_altar,
          uniq_agnes
D:15:     grunt_enter_depths_magical_seal, layout_basic,
          grunt_decor_mini_mirrors, basic_altar, drop_trap
Lair:1:   layout_cave_pods, portal_ice_cave_demonic_guard, st_stairs_4,
          ldierk_geyser, minivault_24
Lair:2:   layout_loops_ring, grunt_megastairs_2, infiniplex_staircase_pool_2
Lair:3:   layout_misc_corridors, dummy_snake_entry
Lair:4:   layout_roguey, minmay_shoals_entry_hut, nicolae_quartered_pool_little,
          chequers_serial_rivers_small_b, minivault_29, uniq_josephine,
          uniq_snorg, uniq_rupert
Lair:5:   layout_cave_pods, minmay_slime_entry_oklob_open, special_room
          [special_room_bee], st_stairs_5, wad_woods_01, uniq_sonja
Lair:6:   minmay_lair_end_enchanted_forest, layout_small_grid,
          serial_bayou_pond_c
Snake:1:  layout_chambers, basic_altar, st_stairs_10, grunt_megastairs_3
Snake:2:  layout_onion_interference
Snake:3:  onia_ninara_swampy_vault, layout_cave_town, grunt_ministairs_4,
          serial_bayou_pond_e

Skill      XL: |  1  2  3  4  5  6  7  8  9 10 11 12 13 14 15 16 17 18 |
---------------+-------------------------------------------------------+-----
Short Blades   | 1 2 3 5 6 7 8 9 10 11 | 11.3
Long Blades    | 1 2 3 5 6 7 8 9 10 11 | 11.3
Maces & Flails | 1 2 3 5 6 7 8 9 10 11 | 11.3
Polearms       | 1 2 3 5 6 7 8 9 10 11 | 11.3
Staves         | 1 2 3 5 6 7 8 9 10 11 | 11.3
Slings         | 1 2 3 5 6 7 8 9 10 11 | 11.3
Bows           | 1 2 3 5 6 7 8 9 10 11 | 11.3
Crossbows      | 1 2 3 5 6 7 8 9 10 11 | 11.3
Throwing       | 1 2 3 5 6 7 8 9 10 11 | 11.3
Stealth        | 1 2 3 5 6 7 8 9 10 11 | 11.3
Shields        | 1 2 3 5 6 7 8 9 10 11 | 11.3
Unarmed Combat | 1 2 3 5 6 7 8 9 10 11 | 11.3
Spellcasting   | 1 2 3 5 6 7 8 9 10 11 | 11.3
Evocations     | 1 2 3 5 6 7 8 9 10 11 | 11.3
Conjurations   | 1 2 3 4 5 6 7 8 9 |  9.7
Hexes          | 1 2 3 4 5 6 7 8 9 |  9.7
Summonings     | 1 2 3 4 5 6 7 8 9 |  9.7
Necromancy     | 1 2 3 4 5 6 7 8 9 |  9.7
Translocations | 1 2 3 4 5 6 7 8 9 |  9.7
Transmutations | 1 2 3 4 5 6 7 8 9 |  9.7
Fire Magic     | 1 2 3 4 5 6 7 8 9 |  9.7
Ice Magic      | 1 2 3 4 5 6 7 8 9 |  9.7
Air Magic      | 1 2 3 4 5 6 7 8 9 |  9.7
Earth Magic    | 1 2 3 4 5 6 7 8 9 |  9.7
Poison Magic   | 1 2 3 4 5 6 7 8 9 |  9.7
Dodging        | 3 4 5 6 7 8 9 10 11 | 11.6
Invocations    | 5 6 7 8 9 10 11 12 | 12.9
Axes           | 5 6 7 8 9 10 11 12 | 12.1
Armour         | 5 6 7 8 9 10 11 12 | 12.1
Fighting       | 7 8 9 10 11 12 | 12.8

Action                   |  1- 3 |  4- 6 |  7- 9 | 10-12 | 13-15 | 16-18 || total
-------------------------+-------+-------+-------+-------+-------+-------++-------
Melee: Hand axe          |    71 |   169 |   378 |   659 |  1041 |  1508 ||  3826
       Bite              |    10 |    22 |    52 |   128 |   215 |   360 ||   787
       Punch             |       |     1 |       |       |       |       ||     1
Throw: Javelin           |       |       |    11 |       |       |       ||    11
Invok: Depart the Abyss  |     1 |       |       |       |     2 |     1 ||     4
       Banish            |       |       |       |     4 |     7 |     4 ||    15
       Enter the Abyss   |       |       |       |       |     2 |     1 ||     3
       Bend Space        |       |       |       |       |     1 |     3 ||     4
       Corrupt           |       |       |       |       |       |     1 ||     1
  Use: Scroll            |     5 |     4 |    11 |    16 |     6 |    12 ||    54
       Potion            |     1 |     1 |     3 |     5 |     6 |    13 ||    29
 Stab: Sleeping          |       |       |       |       |       |     3 ||     3
       Distracted        |       |       |       |       |       |     1 ||     1
Armor: Leather armour    |     5 |       |       |       |       |       ||     5
       Ring mail         |    16 |     9 |       |       |       |       ||    25
       Chain mail        |       |   110 |    64 |   232 |   312 |   456 ||  1174
       Skin              |       |       |    16 |       |       |       ||    16
       Plate armour      |       |       |    59 |       |       |       ||    59
Dodge: Dodged            |    40 |   121 |    94 |   226 |   410 |   605 ||  1496
Block: Kite shield       |       |    34 |   193 |   469 |  1103 |  1443 ||  3242
       Reflection        |       |       |       |     3 |     5 |   140 ||   148

Table legend: (Time is in decaauts)
 A = Elapsed time spent in this place.
 B = Non-inter-level travel time spent in this place.
 C = Inter-level travel time spent in this place.
 D = Time resting spent in this place.
 E = Time spent auto-exploring this place.
 F = Levels seen in this place.
 G = Mean time per level.
                   A        B        C        D        E       F      G
               +--------+--------+--------+--------+--------+-----+--------+
         Total |  41949 |  40750 |   1199 |  18145 |  15015 |  30 | 1398.3 |
       Dungeon |  19393 |  18702 |    691 |   5707 |   9182 |  15 | 1292.9 |
          Lair |  11578 |  11254 |    324 |   4683 |   4422 |   6 | 1929.7 |
     Snake Pit |   9832 |   9649 |    183 |   7024 |   1344 |   3 | 3277.3 |
         Abyss |    856 |    856 |      0 |    633 |     66 |   5 |  171.2 |
       Ossuary |    289 |    289 |      0 |     97 |      1 |   1 |  289.0 |
               +--------+--------+--------+--------+--------+-----+--------+
Top levels by time: Snake:1: 7254 daAuts Lair:5: 3017 daAuts D:10: 2313 daAuts Lair:4: 2151 daAuts Lair:6: 1987 daAuts D:12: 1972 daAuts Snake:2: 1961 daAuts D:9: 1903 daAuts Lair:3: 1728 daAuts D:15: 1686 daAuts
